 Dungeon Crawl Stone Soup version 0.28-a0-691-gad6df49e81 (webtiles) character file.

Game seed: 18298300304114124180

261 siradein the Insei (level 5, -4/39 HPs)
             Began as a Demonspawn Transmuter on Oct 21, 2021.
             Slain by Jessica (6 damage)
             ... on level 3 of the Dungeon.
             The game lasted 00:15:08 (4054 turns).

siradein the Insei (Demonspawn Transmuter)          Turns: 4054, Time: 00:15:09

Health: -4/39      AC:  2    Str: 10    XL:     5   Next: 96%
Magic:  7/9        EV: 12    Int: 16    God:
Gold:   104        SH:  4    Dex: 13    Spells: 0/10 levels left

rFire   . . .      SeeInvis .   c - +2 short sword (vamp)
rCold   . . .      Faith    .   (no shield)
rNeg    . . .      Spirit   .   a - +0 robe
rPois   .          Reflect  .   (helmet currently unavailable)
rElec   .          Harm     .   (no cloak)
rCorr   .          Rampage  .   (no gloves)
Will    .....                   (boots currently unavailable)
Stlth   +.........              (no amulet)
HPRegen 0.13/turn               (no ring)
MPRegen 0.11/turn               (no ring)

@: appendages (expiring), wereblooded
A: horns 2, talons 2, condensation shield, demonic touch 1
a: End Transformation


You were on level 3 of the Dungeon.
You had temporarily grown beastly horns and talons.
You visited 1 branch of the dungeon, and saw 3 of its levels.
You also visited: Sewer.

You collected 104 gold pieces.

Inventory:

Hand Weapons
 c - a +2 vampiric short sword (weapon)
Missiles
 d - 13 poisoned darts
Armour
 a - a +0 robe (worn)
 h - a +0 ring mail
Scrolls
 b - 3 scrolls of teleportation {unknown}
 e - 2 scrolls of enchant armour {unknown}
 f - 2 scrolls of identify {unknown}
 j - a scroll of enchant weapon {unknown}
 k - 2 scrolls of summoning {unknown}
 m - a scroll of fog {unknown}
 o - a scroll of silence {unknown}
 q - a scroll of noise {unknown}
Potions
 g - a potion of flight {unknown}
 i - a potion of heal wounds {unknown}
 l - 2 potions of might {unknown}
 n - 3 potions of mutation {unknown}
 r - a potion of lignification {unknown}
 s - 2 potions of cancellation {unknown}
Miscellaneous
 p - a piece from Xom's chessboard (15/15)


   Skills:
 + Level 2.7 Fighting
 + Level 3.0 Dodging
 + Level 3.5 Unarmed Combat
 + Level 3.1 Spellcasting
 + Level 2.9 Transmutations


You couldn't memorise any spells.
You knew the following spells:

 Your Spells              Type           Power      Damage    Failure   Level
a - Beastly Appendage     Tmut           22%        N/A       5%          1
b - Wereblood             Tmut           11%        N/A       9%          2
c - Spider Form           Tmut/Pois      3%         N/A       30%         3
d - Ice Form              Ice/Tmut       7%         N/A       69%         4

Your spell library contained the following spells:

 Spells                   Type           Power      Damage    Failure   Level
 Ensorcelled Hibernation  Hex/Ice        4%         N/A       28%         2
 Tukima's Dance           Hex            2%         N/A       50%         3


Dungeon Overview and Level Annotations

Branches:
Dungeon (3/15)              Sewer (visited)

Altars:
Xom
Zin

Annotations:
D:3 Jessica


Innate Abilities, Weirdness & Mutations

You have temporarily grown beastly horns and talons.
A meltable shield of frost defends you. (SH +4)
Your touch may inflict minor irresistible damage on your foes.


Message History

Casting: Beastly Appendage (safe; 5% risk of failure)
Confirm with . or Enter, or press ? or * to list all spells.
Your blood is infused with primal strength.
Casting: Beastly Appendage (safe; 5% risk of failure)
Press: ? - help, Q - select action, (/) - cycle Dir - look around, f - activate You grow a pair of large bovine horns.
Your feet morph into talons.
The quokka barely misses you.
Jessica gestures wildly while chanting.
Jessica seems to speed up.
You completely miss the quokka. Your kick misses the quokka.
You punch the quokka.
The quokka is heavily wounded.
You block the quokka's attack.
You hit the quokka.
You kill the quokka!
No target in view!
Jessica closely misses you. You block Jessica's attack.
There is an open door here.
You see here a quokka corpse.
You hit Jessica but do no damage.
Your transformation is almost over.
Jessica hits you with a +5 club.
You barely miss Jessica. Your kick misses Jessica.
You howl as the wereblood boils in your veins!
You block Jessica's attack. Jessica hits you with a +5 club!
You barely miss Jessica. Jessica hits you with a +5 club! x2
* * * LOW HITPOINT WARNING * * *
You are too injured to fight recklessly!
You hit Jessica.
You feel better.
Your kick misses Jessica. Your headbutt misses Jessica.
Jessica is moderately wounded.
Jessica hits you with a +5 club.
* * * LOW HITPOINT WARNING * * *
You hit Jessica.
You feel better.
Your touch misses Jessica.
Jessica is moderately wounded.
Jessica barely misses you. Jessica hits you with a +5 club.
* * * LOW HITPOINT WARNING * * *
You howl as the wereblood boils in your veins!
Jessica hits you with a +5 club.
You die...

#.# #.###.### #>#### ### #.# #.#
#.##.###.#####.###.#
#.#...#.#.......##.#
#......###.###..##.# ## ##[....##
##.....##.#
.###.......###.........#
#.#..............##.####
##.._..........@@.#.#
#....#.....##†##...# ###.##
##.#####...##...##..# ...... #.##
##..#.....#..####.##.#
.########..#?...!#..........#
........#..#....?#..........#...#
....##..#..##...##...#...#..#..##
.....#......#####..#.#........##⌠
...................#.#).#.....#..


You could see Jessica (fast).

Vanquished Creatures
  An orc priest (D:2)
  An iguana (D:3)
  An orc wizard (D:2)
  An adder (D:2)
  3 gnolls (D:2)
  6 river rats
  A worm (D:2)
  3 dart slugs (D:1)
  3 orcs
  7 ball pythons
  6 endoplasms
  4 giant cockroaches
  6 hobgoblins
  4 jackals (D:2)
  7 kobolds
  3 quokkas
  4 bats
  6 frilled lizards
  2 goblins
  15 rats
84 creatures vanquished.

Vanquished Creatures (others)
  A plant (D:2)
1 creature vanquished.

Grand Total: 85 creatures vanquished

Notes
Turn   | Place    | Note
-------+----------+-------------------------------------------
     0 | D:1      | siradein the Demonspawn Transmuter began the quest for the
                  | Orb.
     0 | D:1      | Reached XP level 1. HP: 15/15 MP: 3/3
   471 | D:1      | Gained mutation: Your touch may inflict minor irresistible
                  | damage on your foes. [demonic ancestry]
   471 | D:1      | Reached XP level 2. HP: 16/21 MP: 3/5
   672 | D:1      | Learned a level 2 spell: Wereblood
   965 | D:1      | Found a faded altar of an unknown god.
  1246 | D:1      | Reached XP level 3. HP: 26/26 MP: 4/6
  2252 | D:2      | Reached XP level 4. HP: 22/33 MP: 3/7
  2890 | D:2      | Gained mutation: A meltable shield of frost defends you.
                  | (SH +4) [demonic ancestry]
  2890 | D:2      | Reached XP level 5. HP: 30/38 MP: 6/9
  3004 | D:3      | Found a glowing drain.
  3158 | Sewer    | Entered a sewer
  3636 | D:3      | Found a shimmering altar of Xom.
  3870 | D:3      | Learned a level 3 spell: Spider Form
  3875 | D:3      | Learned a level 4 spell: Ice Form
  4039 | D:3      | Noticed Jessica
  4054 | D:3      | Slain by Jessica

Illustrated notes

Levels and vault maps discovered:
D:1:      nicolae_arrival_memento_mori, layout_loops_corners,
          dreamdust_ecumenical_altar_angels_and_demons, serial_glass,
          glass_columns_b, glass_columns_a, chequers_mini_garden
D:2:      layout_loops_ring, basic_altar, serial_forest,
          infiniplex_forest_split, infiniplex_forest_lined_room_3,
          infiniplex_forest_clump_small, infiniplex_forest_lined_4_way,
          infiniplex_forest_clump_medium, infiniplex_forest_lined_3
D:3:      layout_loops_cross, xom_butterflies, portal_sewer_entry_b,
          grunt_ministairs_7, kennysheep_jessica_study

Skill      XL: |  1  2  3  4  5 |
---------------+----------------+-----
Dodging        | 2 3 |  3.0
Transmutations | 2 |  2.9
Unarmed Combat | 3 |  3.5
Fighting       | 2 |  2.7
Spellcasting   | 3 |  3.1

Action                   |  1- 3 |  4- 6 || total
-------------------------+-------+-------++-------
Melee: Unarmed           |    34 |       ||    34
       Headbutt          |    10 |     7 ||    17
       Kick              |    13 |    19 ||    32
       Punch             |     1 |     1 ||     2
       Short sword       |    45 |   104 ||   149
       Touch             |    11 |    13 ||    24
 Cast: Beastly Appendage |    24 |    16 ||    40
       Wereblood         |     2 |    10 ||    12
 Stab: Sleeping          |     3 |       ||     3
Armor: Robe              |     6 |    11 ||    17
Dodge: Dodged            |    32 |    77 ||   109
Block: Other             |       |    16 ||    16

Table legend: (Time is in decaauts)
 A = Elapsed time spent in this place.
 B = Non-inter-level travel time spent in this place.
 C = Inter-level travel time spent in this place.
 D = Time resting spent in this place.
 E = Time spent auto-exploring this place.
 F = Levels seen in this place.
 G = Mean time per level.
                   A        B        C        D        E       F      G
               +--------+--------+--------+--------+--------+-----+--------+
         Total |   4114 |   4073 |     41 |    288 |   3114 |   4 | 1028.5 |
       Dungeon |   3604 |   3563 |     41 |    288 |   2751 |   3 | 1201.3 |
         Sewer |    510 |    510 |      0 |      0 |    363 |   1 |  510.0 |
               +--------+--------+--------+--------+--------+-----+--------+

Top non-repeatable levels by time:
     D:1: 1768 daAuts
     D:2: 1126 daAuts
     D:3: 709 daAuts
   Sewer: 510 daAuts
